AoeStats
← 理御

Lombardia

510119005Analyzed
4v4 RM · 2d ago on Sep 29, 2026· 65m 47s· 8 players
Game mode
Random Map
Map size
Large (8 player)
Population
200
Speed
Normal
Resources
Standard
Victory
Conquest
Starting age
Dark Age
Ending age
Imperial Age
RankedLock teamsTeams togetherTeam positionsShared explorationLock speedFull tech treeHidden civsTurbo modeCheats
Victory
Defeat
🇭🇰 Spanish · Hong Kong SAR China
1695
+15
🇨🇳 Varangians · China
1677
+16
🇭🇰 Hindustanis · Hong Kong SAR China
1676
+16
🇨🇳 Magyars · China
1659
+16
🇨🇳 Franks · China
1700
-18
🇰🇿 Bengalis · Kazakhstan
1698
-17
🇫🇷 Turks · France
1659
-15
🇬🇧 Hindustanis · United Kingdom
1616
-13
Fe
11:02 Feudal Age
14:36 Castle Age
12:54 Double-Bit Axe
12:49 Horse Collar
15:32 Bow Saw
19:53 Heavy Plow
20:47 Wheelbarrow
20:01 Loom
20:09 Town Watch
20:53 Gold Mining
22:48 Hand Cart
26:04 Gold Shaft Mining
25:20 Stone Mining
28:05 Imperial Age
27:02 Scale Barding Armor
27:08 Forging
27:55 Bloodlines
27:46 Husbandry
29:04 Chain Barding Armor
28:15 Heavy Camel Rider
30:22 Plate Barding Armor
30:23 Iron Casting
31:22 Imperial Camel Rider
34:54 Grand Trunk Road
35:15 Conscription
37:31 Caravan
44:38 Light Cavalry
47:04 Blast Furnace
47:53 Masonry
47:16 Hussar
49:38 Fletching
51:04 Chemistry
55:16 Two-Man Saw
55:01 Coinage
56:58 Banking
59:47 Siege Elephant
nagato2025
8:22 Loom
8:26 Loom
8:30 Loom
11:33 Feudal Age
15:31 Castle Age
14:05 Double-Bit Axe
15:30 Horse Collar
15:55 Fletching
17:40 Bodkin Arrow
23:40 Husbandry
23:50 Bloodlines
28:18 Wheelbarrow
33:05 Imperial Age
32:46 Bloodlines
32:37 Padded Archer Armor
33:17 Thumb Ring
33:42 Ballistics
33:49 Bracer
33:57 Gold Mining
34:32 Recurve Bow
35:31 Thumb Ring
38:12 Chemistry
39:35 Scale Barding Armor
38:51 Light Cavalry
41:40 Chain Barding Armor
43:42 Plate Barding Armor
43:56 Town Watch
43:59 Hussar
45:25 Hand Cart
50:35 Heavy Plow
52:53 Caravan
54:05 Conscription
58:18 Cavalier
58:33 Capped Ram
62:12 Paladin
理御
8:35 Feudal Age
8:10 Loom
9:58 Double-Bit Axe
11:44 Horse Collar
19:31 Castle Age
20:22 Wheelbarrow
20:42 Bow Saw
20:33 Heavy Plow
26:31 Hand Cart
27:01 Stone Mining
28:52 Forging
28:50 Gold Mining
32:09 Imperial Age
30:00 Husbandry
30:51 Stone Shaft Mining
30:38 Bloodlines
31:05 Iron Casting
31:26 Scale Barding Armor
31:59 Town Watch
33:51 Blast Furnace
33:13 Chain Barding Armor
33:16 Conscription
34:28 Guilds
34:33 Elite Jarl
36:19 Fortified Wall
36:24 Vendel Legacy
37:10 Capped Ram
38:47 Plate Barding Armor
38:49 Siege Ram
41:08 Fletching
43:16 Siege Engineers
44:31 Light Cavalry
45:16 Hussar
46:47 Bodkin Arrow
47:14 Ballistics
47:54 Chemistry
47:05 Masonry
48:55 Caravan
54:27 Treadmill Crane
55:17 Architecture
58:48 Cavalier
59:47 Scale Mail Armor
62:04 Coinage
64:09 Chain Mail Armor
63:54 Bracer
65:09 Pikeman
65:50 Squires
65:35 Gambesons
Hui
5:49 Loom
8:39 Feudal Age
9:24 Double-Bit Axe
11:46 Horse Collar
19:52 Castle Age
19:48 Gold Mining
19:48 Stone Mining
21:10 Bow Saw
21:01 Heavy Plow
25:22 Wheelbarrow
24:33 Pikeman
25:55 Squires
27:58 Town Watch
33:31 Imperial Age
31:33 Fortified Wall
32:35 Hand Cart
33:13 Fletching
33:23 Padded Archer Armor
33:34 Forging
33:25 Scale Mail Armor
33:30 Scale Barding Armor
34:34 Caravan
34:55 Bodkin Arrow
35:15 Leather Archer Armor
35:13 Bloodlines
35:04 Husbandry
35:26 Conscription
35:10 Elite Conquistador
35:52 Bracer
37:14 Ring Archer Armor
38:34 Two-Man Saw
40:16 Chemistry
39:12 Murder Holes
39:28 Masonry
39:39 Ballistics
40:25 Coinage
40:06 Guilds
40:20 Capped Ram
41:04 Town Patrol
41:06 Cavalier
42:15 Chain Barding Armor
42:31 Iron Casting
43:10 Architecture
42:50 Siege Ram
44:06 Bombard Tower
43:20 Paladin
43:20 Light Cavalry
44:36 Plate Barding Armor
45:58 Guard Tower
45:53 Arrowslits
47:09 Blast Furnace
46:33 Supremacy
46:49 Hoardings
55:21 Banking
55:07 Chain Mail Armor
54:39 Gambesons
54:39 Arson
54:15 Halberdier
59:50 Keep
76nateK
6:35 Loom
8:46 Feudal Age
9:48 Double-Bit Axe
11:33 Horse Collar
19:42 Castle Age
19:51 Scale Barding Armor
20:36 Bloodlines
20:37 Husbandry
21:00 Chain Barding Armor
24:10 Bow Saw
24:43 Heavy Plow
26:37 Wheelbarrow
27:13 Gold Mining
27:29 Stone Mining
33:53 Imperial Age
32:28 Padded Archer Armor
32:39 Forging
34:22 Hand Cart
33:52 Town Watch
34:54 Leather Archer Armor
35:22 Conscription
35:18 Fortified Wall
36:07 Bombard Tower
36:23 Ring Archer Armor
38:24 Two-Man Saw
38:43 Plate Barding Armor
38:45 Iron Casting
38:00 Fletching
38:45 Heavy Camel Rider
43:41 Blast Furnace
42:36 Bodkin Arrow
43:01 Sappers
45:00 Caravan
46:46 Artillery
46:50 Bracer
48:27 Town Patrol
51:41 Treadmill Crane
53:58 Guard Tower
54:28 Ballistics
54:05 Murder Holes
leaftopjo
8:56 Feudal Age
9:08 Loom
9:16 Loom
10:16 Double-Bit Axe
11:06 Horse Collar
16:36 Forging
19:03 Wheelbarrow
22:11 Castle Age
21:05 Scale Barding Armor
22:24 Bloodlines
22:22 Light Cavalry
23:56 Chain Barding Armor
24:55 Husbandry
26:14 Husbandry
29:21 Gold Mining
29:41 Heavy Plow
29:57 Bow Saw
32:00 Hand Cart
32:42 Gold Shaft Mining
35:43 Imperial Age
37:18 Plate Barding Armor
36:05 Heavy Camel Rider
41:20 Iron Casting
42:47 Two-Man Saw
45:33 Caravan
46:12 Grand Trunk Road
46:02 Imperial Camel Rider
49:45 Blast Furnace
50:21 Hussar
62:14 Siege Elephant
SHell | Denchik_Ne_Lohx
8:47 Loom
11:05 Feudal Age
15:20 Castle Age
13:36 Double-Bit Axe
13:35 Horse Collar
16:20 Bow Saw
22:37 Town Watch
23:37 Fletching
24:39 Gold Mining
25:47 Heavy Plow
27:30 Wheelbarrow
28:12 Stone Mining
29:19 Ballistics
31:53 Imperial Age
29:48 Bodkin Arrow
30:17 Paiks
30:37 Padded Archer Armor
30:58 Bloodlines
30:57 Husbandry
32:37 Bracer
33:48 Chemistry
33:59 Hand Cart
34:49 Leather Archer Armor
35:10 Elite Elephant Archer
36:35 Conscription
36:36 Caravan
37:06 Coinage
37:29 Mahayana
40:09 Two-Man Saw
40:08 Banking
40:41 Fortified Wall
41:01 Masonry
41:22 Guilds
41:31 Siege Engineers
42:53 Gold Shaft Mining
43:02 Ring Archer Armor
47:18 Siege Elephant
54:42 Forging
54:39 Scale Barding Armor
55:12 Architecture
54:37 Murder Holes
61:58 Crop Rotation
团团团子
9:37 Feudal Age
10:24 Double-Bit Axe
15:27 Loom
18:03 Castle Age
15:57 Stone Mining
19:15 Bow Saw
22:12 Ordonnance Companies
25:02 Fletching
26:45 Ballistics
26:25 Bodkin Arrow
26:52 Ballistics
27:08 Husbandry
29:04 Gold Mining
30:09 Wheelbarrow
33:20 Imperial Age
31:35 Padded Archer Armor
33:22 Heavy Mounted Crossbowman
33:23 Cranequins
35:17 Chemistry
34:52 Conscription
37:36 Hand Cart
39:45 Leather Archer Armor
42:00 Coinage
41:31 Caravan
42:04 Coinage
42:10 Gold Shaft Mining
42:55 Scale Barding Armor
43:01 Forging
42:12 Light Cavalry
43:17 Scale Mail Armor
43:19 Squires
43:04 Arson
46:34 Banking
46:55 Iron Casting
46:37 Chain Mail Armor
53:12 Blast Furnace
54:32 Plate Mail Armor
58:11 Treadmill Crane
58:50 Elite Throwing Axeman
61:11 Pikeman
61:53 Pikeman
64:52 Halberdier
Connection lost

Rejoining the realm…

Still unreachable

The connection could not be restored.

Session expired

The server has moved on; the page needs a fresh start.